 Dungeon Sprint DCSS version 0.27.1-33-g824d729ab1 (webtiles) character file.

Game seed: 10854564228420979363

627 Hipnos the Spear-Bearer (level 7, -18/69 HPs)
             Began as a Pale Draconian Fighter on Nov 30, 2021.
             Was an Initiate of Okawaru.
             Demolished by Sonja (22 damage)
             ... in the Dungeon (Sprint I: "Red Sonja").
             The game lasted 00:02:32 (728 turns).

Hipnos the Spear-Bearer (Pale Draconian Fighter)     Turns: 728, Time: 00:02:32

Health: -18/69     AC:  6    Str: 20    XL:     7   Next: 23%
Magic:  7/7        EV: 12    Int:  9    God:    Okawaru [......]
Gold:   297        SH: 10    Dex: 10    Spells: 6/6 levels left

rFire    . . .     SeeInvis .   a - +0 trident
rCold    . . .     Faith    .   b - +0 kite shield
rNeg     . . .     Spirit   .   (armour unavailable)
rPois    .         Reflect  .   (helmet restricted)
rElec    .         Harm     .   (no cloak)
rCorr    .         Rampage  .   (no gloves)
Will     .....     NoTele   +   (no boots)
Stlth    +.........             (no amulet)
HPRegen  0.21/turn              (no ring)
MPRegen  0.10/turn              (no ring)

@: mighty, short of breath
A: breathe steam, AC +6, unfitting armour, cold-blooded, steam resistance
a: Breathe Steam, Renounce Religion


You were in the Dungeon.
You worshipped Okawaru.
Okawaru was noncommittal.
You visited 1 branch You collected 297 gold pieces.

Inventory:

Hand Weapons
 a - a +0 trident (weapon)
Armour
 b - a +0 kite shield (worn)
Scrolls
 h - a scroll of torment {unknown}
 i - a scroll of blinking
Potions
 d - a potion of curing
 f - 2 potions of degeneration {unknown}
 g - 2 potions of magic


   Skills:
 + Level 8.7 Fighting
 * Level 10.5 Polearms
 + Level 6.5 Dodging
 + Level 7.4 Shields


You had 6 spell levels left.
You didn't know any spells.
Your spell library was empty.

Dungeon Overview and Level Annotations

Branches:
Dungeon (1/1)

Altars:
Cheibriados
Dithmenos
Elyvilon
Fedhas
Gozag
Hepliaklqana
Kikubaaqudgha
Makhleb
Nemelex Xobeh
Okawaru
Qazlal
Ru
Sif Muna
Trog
Uskayaw
Vehumet
Wu Jian
Xom
Yredelemnul
Zin
The Shining One
Jiyva
Lugonu

Shops:
D =

Annotations:
D Sonja


Innate Abilities, Weirdness & Mutations

You can breathe blasts of scalding, opaque steam.
Your pale cyan-grey scales are hard. (AC +6)
You cannot fit into any form of body armour.
You are cold-blooded and may be slowed by cold attacks.
You are immune to the effects of steam.


Message History

Sonja hits you with a +0 dagger of distortion.
Space bends around you.
Sonja hits you with a +0 dagger of distortion.
You block Sonja's attack.
Sonja is engulfed in a cloud of scalding steam.
You block Sonja's attack. Sonja completely misses you.
Sonja hits you with a +0 dagger of distortion!
Space warps horribly around you!!
Your shield prevents you from hitting Sonja.
Sonja is severely wounded.
Sonja is engulfed in a cloud of scalding steam.
Sonja hits you with a +0 dagger of distortion!
* * * LOW HITPOINT WARNING * * *
Space bends around you.
* * * LOW HITPOINT WARNING * * *
Sonja hits you but does no damage. Space bends around you.
* * * LOW HITPOINT WARNING * * *
Sonja hits you with a +0 dagger of distortion.
* * * LOW HITPOINT WARNING * * *
Okay, then.
You feel much better.
Sonja hits you with a +0 dagger of distortion!
Space warps horribly around you!
* * * LOW HITPOINT WARNING * * *
Sonja hits you with a +0 dagger of distortion.
* * * LOW HITPOINT WARNING * * *
You block Sonja's attack.
Okay, then.
You barely miss Sonja.
Sonja is severely wounded.
Sonja closely misses you. Sonja misses you. Sonja hits you but does no damage.
Space bends around you.
* * * LOW HITPOINT WARNING * * *
Unknown command.
You feel very mighty all of a sudden. You block Sonja's attack.
Sonja hits you with a +0 dagger of distortion!
* * * LOW HITPOINT WARNING * * *
Space warps horribly around you!!
You die...

###################
#<.#..)..#..'..#__#
#..').#..').#..'..+
#..#####'#####'#__#
#..####..#...#.# ##
#..#__####..##.#
#..#_____##'#_.+
#⌠⌠#_.∩...'..._#
####_..__##_@#'#
#_____###K#)#
####### #.### $.$
$.$ ##.## #+#


You could see Sonja (strong).

Vanquished Creatures
  A slime creature (D)
  Sigmund (D)
  A yak (D)
  An ogre (D)
  A jelly (D)
  Ijyb (D)
6 creatures vanquished.

Vanquished Creatures (others)
  A gargoyle (D)
1 creature vanquished.

Grand Total: 7 creatures vanquished

Notes
Turn   | Place    | Note
-------+----------+-------------------------------------------
     0 | D        | Hipnos the Draconian Fighter began the quest for the Orb.
     0 | D        | Reached XP level 1. HP: 19/19 MP: 1/1
     1 | D        | Noticed Ijyb
    22 | D        | Killed Ijyb
    23 | D        | Reached skill level 4 in Polearms
    23 | D        | Reached XP level 2. HP: 6/28 MP: 2/2
   274 | D        | Noticed an ogre
   284 | D        | Killed an ogre
   285 | D        | Reached skill level 5 in Fighting
   285 | D        | Reached skill level 6 in Polearms
   285 | D        | Reached skill level 5 in Shields
   285 | D        | Reached XP level 3. HP: 37/37 MP: 3/3
   285 | D        | Reached XP level 4. HP: 44/44 MP: 4/4
   470 | D        | Noticed Sigmund
   475 | D        | Killed Sigmund
   476 | D        | Reached skill level 8 in Polearms
   476 | D        | Reached skill level 5 in Dodging
   476 | D        | Reached XP level 5. HP: 52/52 MP: 5/5
   476 | D        | Reached XP level 6. HP: 60/60 MP: 6/6
   489 | D        | Found an ornate altar of the Wu Jian Council.
   489 | D        | Found a shimmering blue altar of Sif Muna.
   491 | D        | Found a radiant altar of Vehumet.
   512 | D        | Killed a gargoyle
   540 | D        | Found Eckogy's Jewellery Emporium.
   540 | D        | Found an ancient bone altar of Kikubaaqudgha.
   540 | D        | Found a hazy altar of Hepliaklqana.
   540 | D        | Found a stormy altar of Qazlal.
   540 | D        | Found a hide-covered altar of Uskayaw.
   540 | D        | Found a blossoming altar of Fedhas.
   540 | D        | Found a bloodstained altar of Trog.
   540 | D        | Found an iron altar of Okawaru.
   540 | D        | Found a basalt altar of Yredelemnul.
   540 | D        | Found a glowing golden altar of the Shining One.
   540 | D        | Found a snail-covered altar of Cheibriados.
   540 | D        | Found a sacrificial altar of Ru.
   540 | D        | Found a glowing silver altar of Zin.
   540 | D        | Found a shadowy altar of Dithmenos.
   540 | D        | Found a white marble altar of Elyvilon.
   540 | D        | Noticed a yak
   550 | D        | Killed a yak
   551 | D        | Reached skill level 9 in Polearms
   551 | D        | Found an opulent altar of Gozag.
   552 | D        | Found a sparkling altar of Nemelex Xobeh.
   557 | D        | Became a worshipper of Warmaster Okawaru
   571 | D        | Found a burning altar of Makhleb.
   571 | D        | Found a viscous altar of Jiyva.
   571 | D        | Found a shimmering altar of Xom.
   571 | D        | Found a corrupted altar of Lugonu.
   571 | D        | Noticed a slime creature
   579 | D        | Killed a slime creature
   580 | D        | Reached skill level 10 in Polearms
   580 | D        | Your scales start taking on a pale cyan-grey colour.
   580 | D        | Reached XP level 7. HP: 41/69 MP: 7/7
   580 | D        | Gained mutation: You are immune to the effects of steam.
                  | [Pale Draconian growth]
   719 | D        | Noticed Sonja
   728 | D        | Demolished by Sonja

Illustrated notes

Levels and vault maps discovered:
D:        dungeon_sprint_1 [red_sonja_temple_1, red_sonja_temple_small_1]

Skill      XL: |  1  2  3  4  5  6 |
---------------+-------------------+-----
Fighting       | 4 5 7 8 |  8.7
Polearms       | 4 6 8 10 | 10.5
Dodging        | 3 4 5 6 |  6.5
Shields        | 5 6 7 |  7.4

Action                   |  1- 3 |  4- 6 |  7- 9 || total
-------------------------+-------+-------+-------++-------
Melee: Trident           |    28 |    27 |     6 ||    61
       Tailslap          |     2 |     2 |       ||     4
 Abil: Breathe Steam     |       |       |     1 ||     1
  Use: Potion            |     2 |       |     2 ||     4
 Stab: Sleeping          |     1 |       |       ||     1
Armor: Skin              |       |     4 |     4 ||     8
Dodge: Dodged            |     6 |     8 |     5 ||    19
Block: Kite shield       |    13 |     6 |     5 ||    24
